 Dungeon Crawl Stone Soup version 0.29.0-4-gdea44cf6ec (webtiles) character file.

Game seed: 3405668153918792600

41 qw the Chopper (level 3, 0/26 HPs)
             Began as a Barachi Chaos Knight on Sept 5, 2022.
             Succumbed to their own poison gas
             ... on level 2 of the Dungeon.
             The game lasted 00:00:45 (1602 turns).

qw the Chopper (Barachi Chaos Knight)               Turns: 1602, Time: 00:00:46

Health: 0/26       AC:  7    Str: 13 (15) XL:     3   Next: 52%
Magic:  3/3        EV:  9    Int: 12      God:
Gold:   1400       SH:  0    Dex: 10 (11) Spells: 2/2 levels left

rFire   . . .      SeeInvis .   Y - +0 hand axe (chaos)
rCold   . . .      Faith    .   (no shield)
rNeg    . . .      Spirit   .   b - +0 scale mail
rPois   .          Reflect  .   (no helmet)
rElec   .          Harm     .   h - +0 cloak
rCorr   .          Rampage  .   (no gloves)
Will    .....                   (no boots)
Stlth   ..........              (no amulet)
HPRegen 0.08/turn               (no ring)
MPRegen 0.08/turn               (no ring)

@: lethally poisoned (0 -> -3), slow
A: amphibious, slowness 1, strong legs 1, +LOS, deterioration 1, frail 1
a: Hop


You were on level 2 of the Dungeon.
You visited 1 branch of the dungeon, and saw 2 of its levels.

You collected 1400 gold pieces.


Innate Abilities, Weirdness & Mutations

You are amphibious.
You cover ground slowly.
You can hop short distances.
You have an extended range of vision and can be seen from far away.
Your body sometimes deteriorates upon taking damage.
You are frail. (-10% HP)


   Skills:
 - Level 3.6 Fighting
 + Level 4.9 Axes
 - Level 2.4 Armour
 - Level 1.1 Dodging


You had 2 spell levels left.
You didn't know any spells.
Your spell library was empty.

Inventory:

Hand Weapons
 f - a +0 whip
 Y - a +0 hand axe of chaos (weapon)
Missiles
 m - 3 boomerangs (quivered)
Armour
 b - a +0 scale mail (worn)
 h - a +0 cloak (worn)
Scrolls
 a - a scroll of identify
Potions
 i - a potion of resistance {unknown}
 k - a potion of magic {unknown}
Miscellaneous
 c - a piece from Xom's chessboard (15/15)

Dungeon Overview and Level Annotations

Branches:
Dungeon (2/15)

Altars:


Message History

d - a potion of degeneration
1590 ||| IDENTIFYING metallic purple potion Done exploring.
1591 ||| READING 2 scrolls of identify.
As you read the scroll of identify, it crumbles to dust.
e - a potion of lignification;
1591 ||| IDENTIFYING sapphire potion Done exploring.
1592 ||| DROPPING potion of degeneration.
You drop a potion of degeneration.
Done exploring.
1593 ||| DROPPING potion of lignification.
You drop a potion of lignification.
Done exploring.
(D) Dungeon
Where to? (* - list waypoints, Enter - D:2, ? - help)
What level of the Dungeon? (default 1, ? - help) Sorry, I don't know how to get there.
Done exploring.
1594 ||| Stepping randomly (stuck).
Really walk into that cloud of poison gas?
You are engulfed in poison gas.
You are poisoned.
Your body deteriorates!
You feel clumsy.
You feel very sick.
1595 ||| Stepping ~*~*~tactically~*~*~ (cloud).
Your body deteriorates!
You feel weakened.
You feel very sick.
Things that are here:
a potion of lignification; a potion of degeneration; a +0 ring mail
There is a lethal amount of poison in your body!
You feel very sick.
There is a lethal amount of poison in your body!
You feel sick.
There is a lethal amount of poison in your body!
You feel sick.
There is a lethal amount of poison in your body!
You feel sick.
There is a lethal amount of poison in your body!
You feel sick.
There is a lethal amount of poison in your body!
You feel sick.
There is a lethal amount of poison in your body!
You die...

#.....~~~~#####..#.
#0####~~~%## ##.#.
#0####~~~~0#####...
#.0...~~~~.........
##0..~~0~~..#######
##<##~0000#......##
#####.0##000~0######.##
#0...000~0~~00# #.#.
#.00>.@000000.# #.#.
#..00.00000~..# #...
#0.0000~0~00..# ####
######~000~0.0#
#~~0~0#### #~000##
#~00## #####


There were no monsters in sight!

Vanquished Creatures
  A worm (D:2)
  A dart slug (D:1)
  2 ball pythons (D:2)
  7 bats
  2 endoplasms
  2 giant cockroaches
  3 goblins (D:2)
  4 hobgoblins
  A quokka (D:2)
  3 frilled lizards
  3 kobolds (D:1)
  6 rats
35 creatures vanquished.

Vanquished Creatures (others)
  A giant cockroach zombie (D:1)
1 creature vanquished.

Grand Total: 36 creatures vanquished

Notes
Turn   | Place    | Note
-------+----------+-------------------------------------------
     0 | D:1      | qw the Barachi Chaos Knight began the quest for the Orb.
     0 | D:1      | Reached XP level 1. HP: 18/18 MP: 1/1
     0 | D:1      | 0 ||| qw: Version: 0.1-a-104-g96f76f8
     0 | D:1      | 0 ||| qw: Game counter: 5887
     0 | D:1      | 0 ||| qw: Always use a shield: true
     0 | D:1      | 0 ||| qw: God list: Okawaru
     0 | D:1      | 0 ||| qw: Allow faded altars: false
     0 | D:1      | 0 ||| qw: Do Orc after D:15 true
     0 | D:1      | 0 ||| qw: Do second Lair branch before Depths: true
     0 | D:1      | 0 ||| qw: Lair rune preference: random
     0 | D:1      | 0 ||| qw: Plans: Normal
     0 | D:1      | 0 ||| PLANNING D:1-11
     0 | D:1      | Fell from the grace of Xom
    58 | D:1      | 58 ||| Stepping ~*~*~tactically~*~*~ (stealth).
   140 | D:1      | 140 ||| DROPPING +0 club.
   150 | D:1      | Reached XP level 2. HP: 24/24 MP: 2/2
   213 | D:1      | Reached skill level 4 in Axes
   267 | D:1      | Found a faded altar of an unknown god.
   338 | D:1      | XOM: give mutations
   338 | D:1      | Gained mutation: Your body sometimes deteriorates upon
                  | taking damage. [Xom's mischief]
   338 | D:1      | Gained mutation: You are weak. (Str -2) [Xom's mischief]
   338 | D:1      | Lost mutation: You are weak. (Str -2) [Xom's mischief]
   338 | D:1      | Gained mutation: You are frail. (-10% HP) [Xom's mischief]
   380 | D:1      | XOM: torment (12/21 hp)
   911 | D:1      | 911 ||| UPGRADING to +0 cloak.
   916 | D:1      | 916 ||| UPGRADING to +0 ring mail.
   926 | D:1      | 926 ||| DROPPING +2 leather armour.
   927 | D:1      | 927 ||| DROPPING ring of magical power.
   928 | D:1      | 928 ||| READING scroll labelled ERUORA LIBBU.
   929 | D:1      | 929 ||| READING scroll labelled KAMMURY HAFE.
   929 | D:1      | Identified a scroll of acquirement
   929 | D:1      | 929 ||| ACQUIRING 1290 gold pieces
   929 | D:1      | Acquired 1290 gold pieces
   931 | D:1      | 931 ||| READING scroll labelled BIUHOV PO VUOL.
  1058 | D:2      | Reached XP level 3. HP: 24/26 MP: 3/3
  1123 | D:2      | 1123 ||| Stepping ~*~*~tactically~*~*~ (hiding).
  1318 | D:2      | 1318 ||| Stepping ~*~*~tactically~*~*~ (stealth).
  1319 | D:2      | 1319 ||| Stepping ~*~*~tactically~*~*~ (stealth).
  1320 | D:2      | 1320 ||| Stepping ~*~*~tactically~*~*~ (stealth).
  1367 | D:2      | 1367 ||| Stepping ~*~*~tactically~*~*~ (stealth).
  1577 | D:2      | 1577 ||| UPGRADING to +0 scale mail.
  1587 | D:2      | 1587 ||| DROPPING +0 ring mail.
  1588 | D:2      | 1588 ||| READING scroll labelled DOICET IDYR.
  1589 | D:2      | 1589 ||| READING scroll labelled IRIULE REGU.
  1590 | D:2      | 1590 ||| READING 3 scrolls of identify.
  1590 | D:2      | 1590 ||| IDENTIFYING metallic purple potion
  1591 | D:2      | 1591 ||| READING 2 scrolls of identify.
  1591 | D:2      | 1591 ||| IDENTIFYING sapphire potion
  1592 | D:2      | 1592 ||| DROPPING potion of degeneration.
  1593 | D:2      | 1593 ||| DROPPING potion of lignification.
  1594 | D:2      | 1594 ||| Stepping randomly (stuck).
  1595 | D:2      | 1595 ||| Stepping ~*~*~tactically~*~*~ (cloud).
  1596 | D:2      | HP: 6/26 [poisoned by you (poison gas)]
  1600 | D:2      | HP: 2/26 [poisoned by you (poison gas)]
  1602 | D:2      | Succumbed to their own poison gas

Levels and vault maps discovered:
D:1:      dpeg_arrival_simpleton_b, layout_basic,
          shapermc_ecumenical_altar_mp_ritualfount
D:2:      wander_river, layout_rooms

Skill      XL: |  1  2 |
---------------+-------+-----
Axes           | 4 |  4.9
Fighting       | |  3.6
Armour         | |  2.4
Dodging        | |  1.1

Action                   || total
-------------------------++-------
Melee: Hand axe          ||    77
       Punch             ||     1
Throw: Boomerang         ||     3
Invok: Renounce Religion ||     1
  Use: Scroll            ||     7
Armor: Leather armour    ||     8
       Ring mail         ||    21
Dodge: Dodged            ||    42

Table legend:
 A = Non-vault XP
 B = Vault XP
 C = Vault XP percentage of total XP
 D = Non-vault monster count
 E = Vault monster count
 F = Vault count percentage of total count
                 A         B        C        D         E       F
            +---------+---------+-------+---------+---------+-------
      Total |      59 |       0 |   0.0 |      35 |       0 |   0.0
            +---------+---------+-------+---------+---------+-------
        D:1 |      28 |       0 |   0.0 |      18 |       0 |   0.0
        D:2 |      31 |       0 |   0.0 |      17 |       0 |   0.0
            +---------+---------+-------+---------+---------+-------
